 Dungeon Crawl Stone Soup version 0.25-b1-41-g19641232cd (webtiles) character file.

Game seed: 15238981822201250960

247 grindst0ne the Ducker (level 6, -6/50 HPs)
             Began as a Gnoll Wanderer on June 8, 2020.
             Killed from afar by Sigmund (8 damage)
             ... with a puff of flame
             ... on level 4 of the Dungeon.
             The game lasted 00:04:38 (2795 turns).

grindst0ne the Ducker (Gnoll Wanderer)              Turns: 2795, Time: 00:04:38

Health: -6/50      AC:  7    Str: 13 (14) XL:     6   Next: 11%
Magic:  8/8        EV: 12    Int: 12 (15) God:
Gold:   200        SH:  0    Dex: 13 (16) Spells: 8/8 levels left

rFire    . . .     SeeInvis .   m - +5 flail (protect)
rCold    . . .     Gourm    .   (no shield)
rNeg     . . .     Faith    .   n - +0 scale mail
rPois    .         Spirit   .   l - +0 helmet
rElec    .         Reflect  .   (no cloak)
rCorr    .         Harm     .   (no gloves)
MR       .....                  (no boots)
Stlth    +.........             (no amulet)
HPRegen  0.16/turn              (no ring)
MPRegen  0.11/turn              (no ring)

@: lethally poisoned (-6 -> -11), berserk cooldown, stab, slowed, very slow
A: distributed training, fangs 1, strong nose
a: no special abilities


You were on level 4 of the Dungeon.
You were not hungry.

You visited 1 branch of the dungeon, and saw 4 of its levels.

You collected 200 gold pieces.

Inventory:

Hand Weapons
 a - a +2 falchion
 e - a +0 dagger
 m - a +5 flail of protection (weapon)
Armour
 d - a +0 robe
 l - a +0 helmet (worn)
 n - a +0 scale mail (worn)
 u - a +0 plate armour
Wands
 w - a wand of paralysis (8)
Scrolls
 c - 3 scrolls of teleportation
 g - 2 scrolls of enchant weapon {unknown}
 h - a scroll of magic mapping {unknown}
 k - 3 scrolls of blinking {unknown}
 o - 2 scrolls of remove curse {unknown}
 p - 4 scrolls of identify {unknown}
Potions
 b - a potion of lignification
 i - a potion of brilliance {unknown}
 q - a potion of heal wounds {unknown}
 r - a potion of stabbing
 s - a potion of berserk rage
 t - a potion of might {unknown}
 x - a potion of cancellation {unknown}
Comestibles
 f - 4 rations


   Skills:
 + Level 4.9 Fighting
 + Level 1.7 Short Blades
 + Level 3.1 Long Blades
 + Level 1.7 Axes
 + Level 1.7 Maces & Flails
 + Level 3.1 Polearms
 + Level 1.7 Staves
 + Level 1.7 Slings
 + Level 1.7 Bows
 + Level 1.7 Crossbows
 + Level 1.7 Throwing
 + Level 1.7 Armour
 + Level 6.7 Dodging
 + Level 4.5 Stealth
 + Level 3.1 Shields
 + Level 1.7 Unarmed Combat
 + Level 1.7 Spellcasting
 + Level 1.3 Conjurations
 + Level 1.3 Hexes
 + Level 1.3 Charms
 + Level 1.3 Summonings
 + Level 1.3 Necromancy
 + Level 1.3 Translocations
 + Level 1.3 Transmutations
 + Level 1.3 Fire Magic
 + Level 1.3 Ice Magic
 + Level 1.3 Air Magic
 + Level 1.3 Earth Magic
 + Level 1.3 Poison Magic
 + Level 2.0 Invocations
 + Level 1.7 Evocations


You had 8 spell levels left.
You didn't know any spells.
Your spell library was empty.

Dungeon Overview and Level Annotations

Branches:
Dungeon (4/15)
 Temple: D:4-7

Altars:
Fedhas

Annotations:
D:4 Sigmund


Innate Abilities, Weirdness & Mutations

Your experience applies equally to all skills.
You have very sharp teeth.
Your uncanny sense of smell can sniff out nearby items.


Message History

* * * LOW HITPOINT WARNING * * *
You feel sick.
You feel a strong urge to attack something.
* * * LOW HITPOINT WARNING * * *
You feel sick.
You feel your anger nearly subside.
You are no longer berserk.
You are exhausted.
You feel yourself slow down.
* * * LOW HITPOINT WARNING * * *
You feel sick.
* * * LOW HITPOINT WARNING * * *
You feel sick.
It was a potion of degeneration.
There was something very wrong with that liquid.
You feel weakened.
You feel dopey.
You feel clumsy.
* * * LOW HITPOINT WARNING * * *
You feel sick.
A puff of flame appears from out of thin air!
The puff of flame hits you!
You die...

#......# #####
######.# #..<#
#.# #...# #.#
#...# #.# #...#
#.# #...+ #.#
#...# #.#######
##'## #.##..@.#
#...# #.##.##.#
#...#
#.##.##.###...#
#.....#.{.{...#
###########...#
#...# #####


There were no monsters in sight!

Vanquished Creatures
  Terence (D:2)
  2 worker ants (D:4)
  4 gnolls (D:2)
  5 adders
  5 dart slugs
  3 leopard geckos
  4 orcs (D:3)
  A ball python (D:2)
  2 giant cockroaches
  2 goblins
  8 hobgoblins
  19 jackals
  2 quokkas (D:2)
  2 bats
  3 frilled lizards
  8 kobolds
  6 rats
77 creatures vanquished.

Notes
Turn   | Place    | Note
-------+----------+-------------------------------------------
     0 | D:1      | grindst0ne the Gnoll Wanderer began the quest for the Orb.
     0 | D:1      | grindst0ne set off with the following items: a +2 falchion,
                  | a potion of lignification, a scroll of teleportation, a +0
                  | robe, a +0 dagger, a ration
     0 | D:1      | Reached XP level 1. HP: 20/20 MP: 1/1
   120 | D:1      | Reached XP level 2. HP: 21/26 MP: 2/2
   706 | D:2      | Noticed Terence
   711 | D:2      | Reached XP level 3. HP: 28/31 MP: 3/3
   756 | D:2      | Killed Terence
   756 | D:2      | Reached skill level 1 in Short Blades
   756 | D:2      | Reached skill level 1 in Axes
   756 | D:2      | Reached skill level 1 in Maces & Flails
   756 | D:2      | Reached skill level 1 in Staves
   756 | D:2      | Reached skill level 1 in Slings
   756 | D:2      | Reached skill level 1 in Bows
   756 | D:2      | Reached skill level 1 in Crossbows
   756 | D:2      | Reached skill level 1 in Throwing
   756 | D:2      | Reached skill level 1 in Armour
   756 | D:2      | Reached skill level 1 in Unarmed Combat
   756 | D:2      | Reached skill level 1 in Spellcasting
   756 | D:2      | Reached skill level 1 in Invocations
   756 | D:2      | Reached skill level 1 in Evocations
   756 | D:2      | Reached XP level 4. HP: 12/38 MP: 5/5
  1432 | D:2      | Reached skill level 1 in Conjurations
  1432 | D:2      | Reached skill level 1 in Hexes
  1432 | D:2      | Reached skill level 1 in Charms
  1432 | D:2      | Reached skill level 1 in Summonings
  1432 | D:2      | Reached skill level 1 in Necromancy
  1432 | D:2      | Reached skill level 1 in Translocations
  1432 | D:2      | Reached skill level 1 in Transmutations
  1432 | D:2      | Reached skill level 1 in Fire Magic
  1432 | D:2      | Reached skill level 1 in Ice Magic
  1432 | D:2      | Reached skill level 1 in Air Magic
  1432 | D:2      | Reached skill level 1 in Earth Magic
  1432 | D:2      | Reached skill level 1 in Poison Magic
  1484 | D:2      | Reached XP level 5. HP: 43/43 MP: 6/6
  2103 | D:3      | Found a faded altar of an unknown god.
  2159 | D:3      | Found a blossoming altar of Fedhas.
  2760 | D:4      | Reached XP level 6. HP: 50/50 MP: 8/8
  2774 | D:4      | Noticed Sigmund
  2794 | D:4      | HP: 2/50 [poisoned by Sigmund]
  2795 | D:4      | Killed from afar by Sigmund

Illustrated notes

Levels and vault maps discovered:
D:1:      sevenhm_arrival_forest_fort_small_3, layout_rooms
D:2:      layout_rooms, uniq_terence
D:3:      layout_loops_ring, chequers_ecumenical_altar_island,
          minmay_misc_feat_room, st_stairs_12, minmay_misc_feat_nine_boxes,
          fedhas_ov_isle_minmay
D:4:      layout_basic, minmay_temple_entry_junction, serial_shops, shop,
          first_ration, uniq_sigmund

Skill      XL: |  1  2  3  4  5 |
---------------+----------------+-----
Short Blades   | 1 |  1.7
Axes           | 1 |  1.7
Maces & Flails | 1 |  1.7
Staves         | 1 |  1.7
Slings         | 1 |  1.7
Bows           | 1 |  1.7
Crossbows      | 1 |  1.7
Throwing       | 1 |  1.7
Armour         | 1 |  1.7
Unarmed Combat | 1 |  1.7
Spellcasting   | 1 |  1.7
Invocations    | 1 2 |  2.0
Evocations     | 1 |  1.7
Conjurations   | 1 |  1.3
Hexes          | 1 |  1.3
Charms         | 1 |  1.3
Summonings     | 1 |  1.3
Necromancy     | 1 |  1.3
Translocations | 1 |  1.3
Transmutations | 1 |  1.3
Fire Magic     | 1 |  1.3
Ice Magic      | 1 |  1.3
Air Magic      | 1 |  1.3
Earth Magic    | 1 |  1.3
Poison Magic   | 1 |  1.3
Long Blades    | 3 |  3.1
Polearms       | 3 |  3.1
Shields        | 3 |  3.1
Fighting       | |  4.9
Dodging        | |  6.7
Stealth        | |  4.5

Action                   |  1- 3 |  4- 6 || total
-------------------------+-------+-------++-------
Melee: Falchion          |    73 |       ||    73
       Bite              |    12 |    11 ||    23
       Flail             |       |   139 ||   139
  Use: Potion            |       |     3 ||     3
 Stab: Sleeping          |     4 |     3 ||     7
  Eat: Chunk             |       |     6 ||     6
Armor: Robe              |    13 |       ||    13
       Scale mail        |       |    93 ||    93
Dodge: Dodged            |    80 |   169 ||   249
       Rpst.: Falchion   |    26 |       ||    26
